Map: Eternal Empire LE

Players

antagomiR - Winner!

  • Race: Protoss Protoss
  • League: Gold
  • Spawn Location: 7:00

VOD

Have the link to the VOD?

Description

Time

  • Played on: March 31, 2020, 12:34 p.m.
  • Length: 8:51
Show
View Real Time Build Order
Export as new Build Order

antagomiR Protoss - Winner!

Build Orders:  

Get SALT Encoding   

  12  0:04  Probe  
  12  0:19  Probe  
  12  0:31  Probe  
  12  0:41  Pylon  
  12  0:59  Probe  
  12  1:11  Probe  
  12  1:23  Probe  
  12  1:27  Gateway  
  12  1:32  Forge  
  12  1:49  Probe  
  12  1:53  Assimilator  
  12  2:01  Probe  
  12  2:02  Assimilator  
  12  2:12  Pylon  
  12  2:13  Probe  
  12  2:26  Probe  
  12  2:38  Probe  
  12  2:50  Probe  
Tags
 
League
Gold
Replay Pack
20200422
Add a new tag
Caveats
  • Supply blocks, unpowered buildings, or Contaminate may cause inaccurate times.
  • Supply counts are checked every 10 seconds.